Map: Void Training Stage 3

Players

Pain

  • Race: Terran Terran
  • Spawn Location: 12:00

Player 2 - Winner!

  • Race: Protoss Protoss
  • Spawn Location: 6:00

VOD

Have the link to the VOD?

Description

Time

  • Played on: Jan. 4, 2017, 5:12 p.m.
  • Length: 26:29
Show
View Real Time Build Order
Export as new Build Order

Pain Terran 

Build Orders:  

Get SALT Encoding   

  12  0:14  Supply Depot  
  12  0:38  Engineering Bay  
  12  0:48  SCV  
  13  1:00  SCV  
  14  1:11  Supply Depot  
  14  1:12  SCV  
  15  1:24  SCV  
  16  1:27  Barracks  
  16  1:36  SCV  
  17  1:41  Refinery  
  17  1:56  SCV  
  18  2:09  SCV  
  19  2:21  SCV  
  20  2:33  SCV  
  20  2:35  Command Center  
  21  2:39  Barracks Reactor  
  21  2:45  SCV, Barracks Tech Lab  
  22  2:57  SCV  
  23  3:08  Barracks  
  23  3:09  SCV  
  24  3:21  SCV  
  24  3:23  Marauder  
  27  3:33  SCV  
  28  3:45  Marauder, SCV  
  31  4:04  Barracks Reactor  
  31  4:06  Marauder  
  33  4:17  Bunker  
  33  4:19  Supply Depot  
  33  4:28  Marauder, Refinery  
  35  4:32  SCV x2  
  37  4:40  Refinery  
  37  4:43  Refinery  
  37  4:44  SCV x2  
  39  4:49  Marauder, Barracks  
  39  4:50  Marine x2  
  43  4:56  SCV x2  
  45  5:08  SCV, Marine x2  
  45  5:10  Marine  
  45  5:12  Factory  
  49  5:22  Supply Depot  
  49  5:26  Marine x2  
  49  5:27  Supply Depot  
  49  5:28  SCV, Marine  
  53  5:35  Terran Infantry Weapons Level 1  
  53  5:40  SCV  
  54  5:43  Marine  
  54  5:44  Marine  
  54  5:45  Marine  
  57  5:52  SCV  
  57  5:55  Supply Depot  
  58  6:01  Marine x2  
  58  6:03  Marine  
  59  6:04  SCV  
  59  6:16  SCV  
  60  6:19  Marine x2  
  60  6:21  Supply Depot, Marine  
  60  6:24  Supply Depot  
  63  6:31  Starport  
  63  6:34  Factory Reactor  
  63  6:37  Marine  
  64  6:48  Factory  
  64  6:50  SCV  
  64  6:51  SCV  
  66  7:02  SCV  
  66  7:04  SCV  
  68  7:14  SCV  
  69  7:16  SCV  
  70  7:26  SCV, Marine x3  
  70  7:29  Terran Infantry Armor Level 1  
  74  7:33  Combat Shields  
  74  7:43  Supply Depot  
  74  7:44  Marine x3  
  77  7:55  Supply Depot  
  77  7:57  Factory Tech Lab  
  77  8:02  Marine x3  
  77  8:04  Factory Reactor  
  80  8:08  Cyclone x2  
  86  8:13  Factory Tech Lab  
  86  8:19  Marine  
  86  8:20  Marine x2  
  89  8:38  Marine  
  89  8:40  Cyclone x2  
  96  8:52  Stimpack  
  96  9:12  Cyclone x2  
  96  9:16  Armory  
  102  9:53  Medivac  
  104  10:10  Hellbat  
  104  10:11  Hellbat  
  108  10:23  Medivac  
  108  10:24  Supply Depot  
  105  10:32  Hellbat x2  
  109  10:45  Terran Infantry Weapons Level 2  
  109  10:53  Concussive Shells, Medivac, Hellbat x2  
  115  11:11  Supply Depot  
  115  11:14  Supply Depot  
  115  11:16  Supply Depot  
  115  11:22  SCV x2  
  117  11:33  Medivac  
  117  11:34  SCV x2  
  117  11:36  Supply Depot  
  121  12:03  Medivac  
  123  12:36  Command Center  
  123  12:52  Supply Depot  
  123  12:58  Supply Depot  
  123  13:01  Marine x3, Terran Infantry Armor Level 2  
  126  13:06  Hellion  
  128  13:17  Cyclone x2  
  128  13:19  Marine x3  
  137  13:27  Cyclone  
  140  13:36  Marine  
  140  13:37  Marine x2  
  129  13:49  Cyclone  
  129  13:50  Hellbat  
  129  13:54  Marine x2  
  129  13:55  Marine  
  135  14:00  Hellbat  
  136  14:11  Hellbat  
  136  14:12  Marine  
  136  14:15  SCV  
  136  14:16  SCV  
  141  14:20  Supply Depot  
  141  14:21  Hellbat  
  143  14:26  Supply Depot  
  143  14:28  SCV, Supply Depot  
  139  15:13  Hellion x3  
  145  15:17  Building Armor  
  131  15:34  Hellion  
  131  15:35  Hellion x2  
  119  15:56  Hellion x3  
  119  16:17  Hellion  
  121  16:59  Hellion x2  
  125  17:20  Hellion x2  
  129  17:30  Medivac  
  129  17:36  Terran Vehicle Weapons Level 1  
  131  17:41  Hellion  
  131  17:42  Hellion  
  135  17:45  Terran Infantry Weapons Level 3  
  135  17:48  Marine x2  
  137  17:53  Marauder  
  137  18:00  Medivac  
  137  18:03  Cyclone x2  
  143  18:06  Marine x2  
  145  18:15  Marauder, Supply Depot  
  147  18:23  Marine  
  147  18:24  Marine  
  149  18:30  Medivac  
  151  18:36  Marauder  
  151  18:39  Hellbat x2  
  157  18:41  Marine x2  
  159  18:58  Marauder  
  159  19:00  Medivac  
  159  19:01  Hellbat x2  
  167  19:19  Marauder  
  167  19:22  Hellbat  
  171  19:30  Medivac  
  171  19:31  Terran Vehicle And Ship Armor Level 1  
  115  20:22  Terran Infantry Armor Level 3  
  90  21:20  Marine x3  
  90  21:25  Terran Ship Weapons Level 1  
  93  21:37  Marine  
  93  21:38  Marine x2  
  94  21:55  Marine  
  94  21:56  Marauder, Hellbat  
  99  22:13  Hellbat x2  
  103  22:17  Marauder, Cyclone  
  108  22:34  Supply Depot, Hellbat x2  
  112  22:39  Marauder  
  114  22:46  Marine x2  
  114  22:49  Siege Tank  
  119  22:55  Hellbat  
  119  22:56  Hellbat  
  123  23:00  Marauder  
  123  23:04  Marine x2  
  127  23:15  Refinery  
  127  23:17  Hellbat x2  
  131  23:21  Siege Tank  
  131  23:22  Marauder, Marine x2  
  138  23:27  Viking  
  138  23:28  Refinery  
  140  23:39  Marine  
  140  23:40  Marine  
  142  23:43  Marauder  
  142  23:45  Terran Vehicle Weapons Level 2  
  144  23:49  Hi-Sec Auto Tracking  
  144  23:53  Siege Tank  
  147  23:57  Viking, Marine x2  
  151  24:04  Marauder  
  153  24:15  Marine x2  
  155  24:25  Siege Tank  
  155  24:27  Viking  
  160  24:46  Neosteel Frame  
  160  24:57  Viking  
  124  25:27  Viking  
  118  25:29  Marine x2  
  118  25:30  Marine  
  121  25:37  Siege Tank  
  121  25:38  Hellion  
  126  25:47  Marine x3  
  116  26:05  Marine x2  
  116  26:06  Marauder  
Show
View Real Time Build Order
Export as new Build Order

Player 2 Protoss - Winner!

Build Orders:  

Get SALT Encoding   

  12  0:01  Probe (Chrono Boost)  
  13  0:11  Probe (Chrono Boost)  
  14  0:21  Pylon  
  14  0:22  Probe (Chrono Boost)  
  15  0:39  Probe (Chrono Boost)  
  16  0:46  Assimilator  
  17  0:50  Probe (Chrono Boost), Gateway  
  17  0:59  Pylon  
  17  1:00  Probe (Chrono Boost)  
  18  1:29  Gateway  
  18  1:34  Assimilator  
  18  1:37  Zealot  
  18  1:40  Cybernetics Core  
  20  2:02  Zealot  
  20  2:08  Warp Gate, Pylon  
  22  2:17  Stalker  
  24  2:31  Stalker  
  26  2:38  Probe (Chrono Boost)  
  27  2:46  Stalker  
  27  2:50  Probe (Chrono Boost)  
  30  2:56  Pylon  
  30  2:59  Stalker  
  30  3:01  Probe (Chrono Boost)  
  34  3:12  Forge  
  34  3:13  Probe (Chrono Boost)  
  34  3:25  Probe (Chrono Boost)  
  35  3:37  Probe (Chrono Boost)  
  36  5:18  Sentry  
  36  5:20  Probe (Chrono Boost), Photon Cannon  
  39  5:22  Pylon  
  39  5:24  Photon Cannon  
  39  5:26  Robotics Facility  
  39  5:27  Nexus  
  39  5:28  Stargate  
  39  5:30  Twilight Council  
  39  5:32  Gateway, Adept  
  39  5:35  Forge  
  41  5:42  Probe (Chrono Boost)  
  42  5:45  Stalker  
  42  5:47  Pylon  
  44  5:59  Sentry  
  34  6:13  Adept  
  34  6:16  Observer  
  37  6:26  Stalker  
  39  6:35  Observer  
  41  6:40  Probe (Chrono Boost), Stalker  
  41  6:44  Probe (Chrono Boost)  
  44  6:50  Assimilator  
  44  6:51  Probe (Chrono Boost)  
  44  6:53  Zealot  
  47  6:55  Probe (Chrono Boost)  
  48  7:01  Pylon  
  48  7:02  Probe (Chrono Boost)  
  48  7:06  Probe (Chrono Boost)  
  48  7:07  Zealot  
  52  7:12  Pylon  
  52  7:13  Probe (Chrono Boost)  
  53  7:18  Probe (Chrono Boost)  
  53  7:21  Stalker  
  56  7:24  Probe (Chrono Boost)  
  56  7:29  Probe (Chrono Boost)  
  58  7:33  Photon Cannon  
  58  7:34  Stalker  
  58  7:35  Probe (Chrono Boost)  
  58  7:36  Photon Cannon  
  61  7:40  Probe (Chrono Boost)  
  62  7:46  Probe (Chrono Boost)  
  64  7:52  Probe (Chrono Boost)  
  64  7:57  Probe (Chrono Boost)  
  65  8:02  Probe (Chrono Boost)  
  66  8:07  Probe (Chrono Boost)  
  68  8:13  Probe (Chrono Boost)  
  68  8:18  Probe (Chrono Boost)  
  69  8:23  Probe (Chrono Boost)  
  70  8:46  Assimilator  
  70  9:47  Protoss Ground Weapons Level 1  
  70  9:48  Void Ray  
  70  9:49  Protoss Ground Armor Level 1  
  70  9:50  Warp Prism  
  76  9:55  Gateway  
  76  9:59  Templar Archives  
  76  10:00  Nexus  
  76  10:02  Dark Shrine  
  76  10:04  Robotics Facility  
  76  10:05  Stargate  
  76  10:06  Robotics Bay  
  76  10:09  Fleet Beacon  
  76  10:23  Warp Prism  
  76  10:25  Zealot  
  58  10:38  Zealot  
  60  10:49  Observer  
  60  10:51  Observer Gravitic Boosters, Stalker  
  63  11:04  Stalker  
  65  11:14  Probe (Chrono Boost)  
  65  11:17  Probe (Chrono Boost), High Templar  
  69  11:21  Probe (Chrono Boost)  
  69  11:23  Assimilator  
  69  11:24  Probe (Chrono Boost), Pylon  
  71  11:26  Pylon  
  71  11:28  Probe (Chrono Boost), Assimilator  
  71  11:30  High Templar  
  75  11:32  Probe (Chrono Boost)  
  75  11:36  Probe (Chrono Boost)  
  77  11:40  Probe (Chrono Boost), Gravitic Drive  
  77  11:47  Photon Cannon  
  77  11:48  Archon, High Templar  
  77  11:50  Photon Cannon  
  79  12:01  High Templar  
  81  12:18  Archon, High Templar  
  83  12:31  High Templar  
  85  12:49  Archon, High Templar  
  87  13:02  High Templar  
  89  13:20  Archon  
  89  13:31  Protoss Ground Armor Level 2  
  89  13:35  Protoss Air Weapons Level 1  
  89  13:39  Sentry  
  83  13:46  Zealot  
  69  13:53  Zealot  
  71  13:57  Photon Cannon  
  71  14:00  Zealot  
  72  14:03  Pylon  
  72  14:07  Probe (Chrono Boost)  
  72  14:08  Zealot  
  63  14:10  Probe (Chrono Boost)  
  63  14:15  Zealot  
  60  14:19  Probe (Chrono Boost)  
  60  14:22  Probe (Chrono Boost)  
  60  14:23  Stalker  
  64  14:30  Probe (Chrono Boost)  
  64  14:31  Sentry  
  66  14:43  Protoss Ground Weapons Level 2  
  66  14:46  Stalker  
  66  14:50  Probe (Chrono Boost)  
  66  14:52  Photon Cannon  
  67  15:01  High Templar  
  67  15:03  Probe (Chrono Boost)  
  67  15:05  Probe (Chrono Boost), Pylon  
  69  15:08  Stalker  
  71  15:14  Probe (Chrono Boost)  
  71  15:16  Stalker  
  72  15:26  Probe (Chrono Boost)  
  72  15:27  Twilight Council  
  57  15:30  High Templar  
  57  15:31  Nexus x2  
  57  15:35  Pylon  
  53  15:37  Gateway  
  53  15:38  Zealot  
  53  15:39  Probe (Chrono Boost)  
  53  15:42  Protoss Shields Level 1  
  52  15:43  Assimilator  
  52  15:46  Pylon  
  50  15:51  Assimilator  
  50  15:55  Probe (Chrono Boost)  
  48  15:57  Zealot  
  48  16:00  Cybernetics Core  
  50  16:05  Zealot  
  50  16:07  Probe (Chrono Boost), Templar Archives  
  52  16:13  Pylon  
  52  16:16  Cybernetics Core  
  53  16:19  Probe (Chrono Boost)  
  53  16:31  Probe (Chrono Boost)  
  54  16:42  Probe (Chrono Boost)  
  54  16:44  Probe (Chrono Boost)  
  54  16:46  Probe (Chrono Boost), High Templar  
  59  16:50  Protoss Ground Armor Level 3  
  59  16:52  Pylon  
  59  16:53  Probe (Chrono Boost), High Templar  
  62  16:56  Probe (Chrono Boost)  
  62  16:58  Probe (Chrono Boost)  
  64  17:01  Stalker, Pylon  
  64  17:04  Assimilator, Probe (Chrono Boost)  
  64  17:06  Pylon  
  64  17:07  Probe (Chrono Boost), Pylon  
  69  17:09  Probe (Chrono Boost)  
  70  17:16  Probe (Chrono Boost), Sentry, Archon  
  70  17:18  Probe (Chrono Boost), Pylon  
  73  17:25  Stalker  
  73  17:26  Protoss Ground Weapons Level 3  
  73  17:27  Stargate  
  73  17:28  Assimilator  
  75  17:30  Photon Cannon  
  75  17:33  Stalker  
  75  17:34  Photon Cannon  
  77  17:38  Photon Cannon  
  77  17:42  Sentry  
  79  17:47  Photon Cannon  
  79  17:50  Photon Cannon, High Templar  
  81  17:51  Robotics Facility  
  81  17:59  High Templar  
  71  18:08  Zealot  
  73  18:16  Zealot  
  75  18:20  Fleet Beacon  
  75  18:25  Stargate, Stalker, Archon  
  77  18:34  Sentry  
  79  18:41  Robotics Facility  
  79  18:42  Dark Templar  
  79  18:48  Immortal  
  81  18:49  Protoss Air Armor Level 1  
  85  19:00  Dark Templar  
  87  19:15  Dark Templar, Archon  
  89  19:21  Protoss Shields Level 2  
  89  19:25  Immortal  
  93  19:32  Dark Templar  
  91  19:40  Photon Cannon  
  91  19:41  Zealot  
  83  19:45  Pylon  
  83  19:48  Stalker  
  83  19:50  Probe (Chrono Boost)  
  73  19:55  Zealot  
  73  19:58  Probe (Chrono Boost)  
  66  20:02  Probe (Chrono Boost)  
  66  20:03  Zealot  
  66  20:05  Nexus  
  64  20:08  Void Ray  
  64  20:09  Probe (Chrono Boost)  
  64  20:12  Pylon  
  70  20:14  Probe (Chrono Boost)  
  70  20:17  Zealot  
  70  20:20  Photon Cannon  
  69  20:22  Probe (Chrono Boost)  
  69  20:24  Zealot  
  71  20:31  Probe (Chrono Boost)  
  71  20:33  Stalker, Gateway, Protoss Air Weapons Level 2  
  71  20:34  Probe (Chrono Boost)  
  66  20:38  Twilight Council  
  66  20:39  Nexus  
  66  20:42  Sentry  
  67  20:43  Probe (Chrono Boost)  
  67  20:46  Probe (Chrono Boost)  
  66  20:50  Stalker  
  66  20:55  Probe (Chrono Boost)  
  70  20:58  Probe (Chrono Boost)  
  70  20:59  Sentry  
  72  21:07  Probe (Chrono Boost)  
  72  21:08  Immortal  
  77  21:14  Stalker  
  79  21:19  Immortal  
  83  21:25  Zealot  
  83  21:31  Stalker  
  87  21:37  Zealot  
  89  21:45  Dark Templar  
  87  21:52  Stalker  
  89  21:58  Stalker  
  91  22:04  Archon  
  91  22:12  Assimilator  
  91  22:13  Stalker  
  91  22:14  Tempest  
  99  22:24  Stalker  
  101  22:30  Adept  
  101  22:36  Protoss Air Armor Level 2, Stalker  
  105  22:38  Pylon  
  105  22:42  Pylon  
  105  22:45  Pylon, High Templar  
  107  23:00  Twilight Council  
  107  23:05  Assimilator  
  107  23:07  Photon Cannon  
  107  23:08  Robotics Bay  
  107  23:09  Photon Cannon  
  107  23:17  Photon Cannon  
  107  23:19  Gateway  
  107  23:20  Protoss Shields Level 3  
  107  23:23  Blink  
  107  23:49  Colossus  
  113  24:33  Void Ray  
  113  24:42  Stargate  
  117  24:48  Phoenix  
  109  25:11  Phoenix  
  93  25:17  Phoenix  
  91  25:29  Photon Cannon, Tempest  
  91  25:31  Photon Cannon  
  91  25:33  Pylon  
  97  25:41  Tempest  
  103  25:56  Photon Cannon  
  93  25:59  Photon Cannon  
  81  26:06  Probe (Chrono Boost)  
  81  26:07  Probe (Chrono Boost)  
  63  26:12  Pylon  
  63  26:15  Probe (Chrono Boost)  
  63  26:17  Probe (Chrono Boost)  
  61  26:23  Pylon  
Tags
 
Matchup
PvT
Replay Pack
RP
Spawn Locations
Cross Positions
Add a new tag
Caveats
  • Supply blocks, unpowered buildings, or Contaminate may cause inaccurate times.
  • Supply counts are checked every 10 seconds.